 Dungeon Crawl Stone Soup version 0.31-a0-370-g25055926c8 (webtiles) character file.

Game seed: 8949813458006132756

165797 Conn the Sorcerer (level 17, -8/132 HPs)
             Began as a Deep Elf Fire Elementalist on July 29, 2023.
             Was a Priest of Sif Muna.
             Killed from afar by a deep elf sorcerer (22 damage)
             ... with damnation
             ... on level 3 of the Elven Halls.
             The game lasted 02:28:07 (31061 turns).

Conn the Sorcerer (Deep Elf Fire Elementalist)     Turns: 31061, Time: 02:28:08

Health: -8/132     AC: 28    Str:  4 (6)  XL:     17   Next: 28%
Magic:  0/44       EV:  2    Int: 31      God:    Sif Muna [***...]
Gold:   1462       SH: 18    Dex: 14      Spells: 20/59 levels left

rFire   + . .        b - staff of fire
rCold   . . .        s - +0 kite shield
rNeg    . . .        Q - melded +2 robe {rC+ rF+}
rPois   +            (helmet currently unavailable)
rElec   .            J - melded +1 cloak
rCorr   .            n - melded +2 pair of gloves
SInv    .            e - melded +3 pair of boots "Kootsask" {Fly rElec rN++ Stlth-}
Will    ++...        S - brooch of Shielding {Spirit SH+8}
Stlth   +++          L - ring of willpower
HPRegen 0.42/turn    P - +4 ring of protection
MPRegen 0.29/turn

%: guardian spirit
@: lethally poisoned (-8 -> -10), tree-form, corroded, on death's door cooldown
A: stationary, stasis, torment immunity, boosted hp, (horns 1), clever 1, (heat
vulnerability 1)
a: Renounce Religion, Channel Magic, Forget Spell


You were on level 3 of the Elven Halls.
You worshipped Sif Muna.
Sif Muna was most pleased with you.
You were a tree.
You visited 5 branches of the dungeon, and saw 21 of its levels.
You visited the Abyss 1 time.
You also visited: Bailey.

You collected 2812 gold pieces.
You spent 1350 gold pieces at shops.

Inventory:

Hand Weapons
 a - the +4 rapier of Generosity {spect, rF+ rN++ Int+3 Stlth-}
   (You found it on level 8 of the Dungeon)

   Int:       It affects your intelligence (+3).
   rF:        It protects you from fire.
   rN:        It greatly protects you from negative energy.
   Stlth:     It makes you less stealthy.
 t - the +7 Throatcutter {drain, coup de grace}
   (You found it on level 4 of the Dungeon)
 M - the +9 dagger "Nuyfuodu" {pain, Dex+3}
   (You found it on level 2 of the Dungeon)

   Dex:       It affects your dexterity (+3).
Missiles
 p - a throwing net
 x - 11 curare-tipped darts (quivered)
Armour
 e - the +3 pair of boots "Kootsask" (melded) {Fly rElec rN++ Stlth-}
   (You bought it in a shop on level 2 of the Orcish Mines)

   rElec:     It insulates you from electricity.
   rN:        It greatly protects you from negative energy.
   Fly:       It grants you flight.
   Stlth:     It makes you less stealthy.
 n - a +2 pair of gloves (melded)
 s - a +0 kite shield (worn)
 H - a +1 robe of willpower
 I - a +2 helmet
 J - a +1 cloak (melded)
 Q - a +2 robe of resistance (melded)
 T - an orb of light
Magical Staves
 b - a staff of fire (weapon)
 X - a staff of conjuration
Jewellery
 u - a ring of poison resistance
 F - a ring of flight
 G - a ring of ice
 L - a ring of willpower (left branch)
 P - a +4 ring of protection (right branch)
 S - the brooch of Shielding (around neck) {Spirit SH+8}
   (You bought it in a shop on level 1 of the Orcish Mines)

   [amulet of guardian spirit]

   It causes incoming damage to be divided between your reserves of health and
   magic.
   SH:        It affects your SH (+8).
 V - a +6 ring of dexterity
Wands
 c - a wand of paralysis (11)
 l - a wand of flame (26)
 y - a wand of roots (9)
 N - a wand of mindburst (25)
 Y - a wand of light (7)
Scrolls
 f - 2 scrolls of enchant weapon
 k - a scroll of butterflies
 m - 4 scrolls of identify
 o - 4 scrolls of poison
 q - 5 scrolls of amnesia
 r - 4 scrolls of immolation
 w - 2 scrolls of brand weapon
 O - 3 scrolls of fog
Potions
 g - 4 potions of might
 h - 2 potions of haste
 v - a potion of resistance
 z - 2 potions of enlightenment
 R - 2 potions of cancellation
Miscellaneous
 d - a lightning rod (4/4)
 W - a tin of tremorstones (2/2)


   Skills:
 * Level 5.6 Fighting
 + Level 1.3 Long Blades
 + Level 1.4 Staves
 + Level 0.7 Throwing
 + Level 6.1 Armour
 + Level 5.6 Dodging
 + Level 5.1 Stealth
 + Level 6.3 Shields
 + Level 21.6 Spellcasting
 + Level 12.4 Conjurations
 + Level 3.8 Hexes
 + Level 6.4 Summonings
 + Level 0.9 Necromancy
 + Level 3.6 Translocations
 + Level 13.8 Fire Magic
 - Level 5.0 Ice Magic
 + Level 4.7 Air Magic
 + Level 1.8 Poison Magic
 * Level 12.3 Invocations
 + Level 0.1 Evocations


You had 20 spell levels left.
You knew the following spells:

 Your Spells              Type           Power      Damage    Failure   Level
a - Foxfire               Conj/Fire      100%       2x1d9     1%          1
b - Scorch                Fire           100%       2d9       1%          2
c - Inner Flame           Hex/Fire       93%        N/A       1%          3
d - Flame Wave            Conj/Fire      100%       2d21      1%          4
e - Fireball              Conj/Fire      53%        3d21      1%          5
f - Iskenderun's Mystic   Conj/Tloc      70%        2d14      3%          4
g - Mephitic Cloud        Conj/Pois/Air  64%        N/A       1%          3
h - Call Canine Familiar  Summ           65%        N/A       1%          3
i - Swiftness             Air            58%        N/A       3%          3
j - Hailstorm             Conj/Ice       73%        3d15      1%          3
k - Summon Ice Beast      Ice/Summ       62%        N/A       9%          4
l - Ozocubu's Armour      Ice            59%        N/A       3%          3
m - Summon Small Mammal   Summ           100%       N/A       1%          1

Your spell library contained the following spells:

 Spells                   Type           Power      Damage    Failure   Level
 Apportation              Tloc           100%       N/A       1%          1
 Dazzling Flash           Conj/Hex       100%       N/A       1%          3
 Volatile Blastmotes      Fire/Tloc      100%       2d18      1%          3
 Sticky Flame             Conj/Fire      100%       2d11      1%          4
 Frozen Ramparts          Ice            100%       1d16      3%          3
 Cigotuvi's Dreadful Rot  Necr/Pois/Air  98%        N/A       4%          2
 Portal Projectile        Hex/Tloc       100%       N/A       5%          3
 Tukima's Dance           Hex            55%        N/A       5%          3
 Sting                    Tmut/Pois      100%       1d8       6%          1
 Gell's Gravitas          Tloc           54%        N/A       6%          3
 Teleport Other           Tloc           54%        N/A       6%          3
 Freezing Cloud           Conj/Ice/Air   34%        6-21      12%         5
 Wereblood                Tmut           33%        N/A       14%         2
 Irradiate                Conj/Tmut      32%        3d22      19%         5
 Leda's Liquefaction      Hex/Erth       22%        N/A       36%         4
 Silence                  Hex/Air        28%        N/A       38%         5
 Spellforged Servitor     Conj/Summ      37%        N/A       83%         7
 Agony                    Necr           39%        N/A       86%         5
 Alistair's Intoxication  Tmut/Pois      26%        N/A       86%         5
 Dispersal                Tloc           27%        N/A       97%         6
 Simulacrum               Ice/Necr       25%        N/A       99%         6
 Monstrous Menagerie      Summ           32%        N/A       99%         7
 Death Channel            Necr           19%        N/A       100%        6
 Malign Gateway           Summ/Tloc      30%        N/A       100%        7
 Ozocubu's Refrigeration  Ice            29%        4d14      100%        7
 Borgnjor's Revivificati  Necr           19%        N/A       100%        8
 Infestation              Necr           19%        N/A       100%        8
 Death's Door             Necr           19%        N/A       100%        9
 Fire Storm               Conj/Fire      53%        8d14      100%        9


Dungeon Overview and Level Annotations

Branches:
Dungeon (10/15)            Temple (1/1) D:4            Lair (5/5) D:8
  Swamp (0/4) Lair:3       Spider (0/4) Lair:3        Slime (0/5) Lair:4
    Orc (2/2) D:9             Elf (3/3) Orc:2        Bailey (visited)

Altars:
Ashenzari
Cheibriados
Dithmenos
Elyvilon
Fedhas
Gozag
Hepliaklqana
Kikubaaqudgha
Makhleb
Nemelex Xobeh
Okawaru
Qazlal
Ru
Sif Muna
Trog
Uskayaw
Vehumet
Wu Jian
Xom
Yredelemnul
Zin
The Shining One
Jiyva

Shops:
D:2 =   D:6 :   Orc:1 =   Orc:2 =[!*(   Elf:1 [   Elf:2 ?   Elf:3 *

Portals:
Hell: Lair:5
Pandemonium: Orc:2

Annotations:
D:8 3 transporters


Innate Abilities, Weirdness & Mutations

You are a tree.
Your roots penetrate the ground, keeping you stationary.
You cannot be teleported.
You are immune to unholy pain and torment.
Your maximum health is greatly increased.
Your equipment is partially melded.
((You have a pair of small horns on your head.))
Your mind is acute. (Int +4, Str/Dex -1)
((You are vulnerable to heat. (rF-)))


Message History

The deep elf high priest shouts!
You hear a shout! x5
Unknown command.
Casting: Fireball (dangerous; 1% risk of failure)
Confirm with . or Enter, or press ? or * to list all spells.
Aiming: Fireball (dangerous; 1% risk of failure)
Press: ? - help, Shift-Dir - straight line, f - deep elf high priest
Aim: a deep elf high priest, wielding a +0 scimitar (severely wounded)
You feel a surge of power!
The fireball explodes!
The fireball engulfs the deep elf high priest!!!
You kill the deep elf high priest!
Sif Muna accepts your kill.
You hear a shout! x4
You feel the corruption within you wane completely.
You feel healthier.
Unknown command.
Casting: Fireball (dangerous; 1% risk of failure)
Confirm with . or Enter, or press ? or * to list all spells.
Aiming: Inner Flame (safe; 1% risk of failure)
Press: ? - help, Dir - move target, f - deep elf sorcerer
Aim: a deep elf sorcerer, wielding a +0 long sword (chance to affect: 42%)
You feel a surge of power!
The deep elf sorcerer resists with some effort.
Your life is in your own hands again!
You feel sick.
Okay, then.
Okay, then.
Unknown command.
Casting: Inner Flame (safe; 1% risk of failure)
Confirm with . or Enter, or press ? or * to list all spells.
Okay, then.
Really quaff the potion of lignification?
You turn into a tree.
Your +1 cloak melds into your body.
Your +2 pair of gloves melds into your body.
The +3 pair of boots "Kootsask" {Fly rElec rN++ Stlth-} melds into your body.
Your +2 robe of resistance melds into your body.
You float gracefully downwards.
You feel hot and cold all over.
Your roots penetrate the ground.
You feel less invigorated.
You feel sick.
The deep elf sorcerer gestures at you while chanting.
The sphere of damnation explodes!
The damnation engulfs you!!!
You die...

#.... #....## #.....#
#...#)## #..#...##
#.##....###
#.#....)).###
#......##...####'###
##.....##....♣..e.).?
##.....##......8..8..8
#.....)...............
#.#..#################
# #...## ###.###
)##...### #§#e....###
#§§)......###


You could see a deep elf sorcerer.

Vanquished Creatures
  The ghost of Tok Vil the Marksminotaur, an adept MiHu of Okawaru (Elf:2)
  A deep elf blademaster (Elf:2)
  2 tentacled starspawn
  Gastronok (Lair:3)
  The ghost of lis82 the Cloud Mage, an adept DgAE (Elf:2)
  The ghost of Moohokka the Cloud Mage, an adept DgAE (Elf:2)
  The ghost of fedoskokos the Brawler, an adept TrSh of Cheibriados (Elf:2)
  4 deep elf sorcerers
  An orc warlord (Orc:2)
  2 deep elf elementalists (Elf:3)
  Nessos (Lair:4)
  2 deep elf demonologists (Elf:3)
  2 deep elf annihilators (Elf:3)
  6 deep elf death magi
  A great orb of eyes (Abyss:2)
  A deep elf high priest (Elf:3)
  2 demonspawn (Orc:2)
  A hydra (shapeshifter) (Elf:2)
  8 hydras
  The ghost of Kiciri the Thaumaturge, a journeyman DjAE of Ru (Lair:1)
  3 two-headed ogres (D:10)
  23 dancing weapons
  A demonic crawler (Lair:4)
  12 orc high priests
  Sonja (Lair:2)
  Urug (Lair:3)
  16 deep elf knights
  A sixfirhy (Lair:5)
  A wretched star (Abyss:4)
  3 skysharks
  A deep troll (Orc:2)
  A wizard (Lair:5)
  13 deep elf zephyrmancers
  13 deep elf archers
  2 necromancers (Elf:1)
  7 orc knights (Orc:2)
  22 deep elf pyromancers
  6 orc sorcerers (Orc:2)
  A salamander (Abyss:4)
  Joseph (D:9)
  2 rust devils
  5 elephants (Lair:5)
  A torpor snail (Lair:4)
  A smoke demon (Abyss:4)
  3 orange demons
  5 black mambas
  9 cane toads
  A hellion (Abyss:4)
  4 ice devils
  7 rime drakes
  16 komodo dragons
  2 ancient zymes (Abyss:4)
  2 trolls
  A red devil (Lair:5)
  A hellwing (Lair:5)
  4 tyrant leeches
  Prince Ribbit (D:9)
  A dream sheep (Lair:1)
  22 blink frogs
  3 water elementals
  A wyvern (D:9)
  2 wraiths (D:9)
  2 ynoxinuls
  4 air elementals
  17 yaks
  3 fire elementals (Elf:2)
  3 starcursed masses (Abyss:4)
  2 neqoxecs
  2 steam dragons
  10 large abominations
  Menkaure (D:7)
  2 basilisks
  6 swamp worms
  10 wargs
  A naga zombie (Abyss:4)
  An acid dragon (D:9)
  14 water moccasins
  Duvessa (D:7)
  3 hell hounds
  2 black bears
  An ice beast (D:5)
  37 orc warriors
  A sky beast (D:7)
  6 wolves (Lair:3)
  5 ogres
  2 centaurs
  A phantom (D:5)
  2 kobold brigands
  4 elf zombies (Elf:1)
  3 gnoll sergeants
  11 bullfrogs
  3 scorpions
  2 small abominations
  An earth elemental (Elf:1)
  10 wights
  Dowan (D:7)
  8 killer bees
  3 electric eels
  3 howler monkeys
  A crimson imp (D:6)
  31 orc priests
  2 jellies
  Crazy Yiuf (D:5)
  4 hounds
  A gnoll bouda (D:8)
  7 iguanas
  6 hell rats (Lair:1)
  26 orc wizards
  28 gnolls
  8 adders
  2 shadow imps
  6 white imps
  An ufetubus (D:5)
  4 dart slugs
  92 orcs
  6 ball pythons
  3 bats
  6 endoplasms
  3 giant cockroaches
  14 goblins
  8 hobgoblins
  5 jackals
  A quokka (D:3)
  4 frilled lizards
  18 kobolds
739 creatures vanquished.

Vanquished Creatures (collateral kills)
  A hell hound (Lair:5)
  5 foxfires
6 creatures vanquished.

Vanquished Creatures (others)
  A deep elf knight (Elf:2)
  A kobold brigand (D:8)
  2 kobolds (D:8)
  1209 foxfires
  6 starspawn tentacles
1219 creatures vanquished.

Grand Total: 1964 creatures vanquished

Notes
Turn   | Place    | Note
-------+----------+-------------------------------------------
     0 | D:1      | Conn the Deep Elf Fire Elementalist began the quest for the
                  | Orb.
     0 | D:1      | Reached XP level 1. HP: 10/10 MP: 6/6
   225 | D:1      | Found a faded altar of an unknown god.
   329 | D:1      | Reached XP level 2. HP: 15/15 MP: 5/8
   767 | D:2      | Found Cazor's Jewellery Shoppe.
   929 | D:2      | Reached XP level 3. HP: 19/19 MP: 5/9
  1102 | D:2      | Identified the +9 dagger "Nuyfuodu" {pain, Dex+3}
  1468 | D:3      | Learned a level 2 spell: Scorch
  1472 | D:3      | Learned a level 3 spell: Inner Flame
  1679 | D:3      | Reached XP level 4. HP: 24/24 MP: 7/11
  1786 | D:3      | Found a stormy altar of Qazlal.
  1796 | D:3      | Reached skill level 1 in Staves
  2287 | D:4      | Reached skill level 4 in Spellcasting
  2373 | D:4      | Found a bloodstained altar of Trog.
  2512 | D:4      | Noticed a scorpion
  2515 | D:4      | Killed a scorpion
  2516 | D:4      | Reached XP level 5. HP: 15/28 MP: 7/14
  2604 | D:4      | Found a staircase to the Ecumenical Temple.
  2613 | Temple   | Entered the Ecumenical Temple
  2643 | Temple   | Became a worshipper of Sif Muna the Loreminder
  2920 | D:4      | Reached skill level 5 in Fire Magic
  2926 | D:4      | Reached skill level 5 in Spellcasting
  2926 | D:4      | Reached XP level 6. HP: 33/33 MP: 0/15
  3142 | D:4      | Found the +7 Throatcutter {drain, coup de grace}
  3385 | D:4      | Learned a level 4 spell: Flame Wave
  3419 | D:5      | Entered Level 5 of the Dungeon
  3529 | D:5      | Reached skill level 6 in Spellcasting
  3547 | D:5      | Reached XP level 7. HP: 37/37 MP: 10/18
  3621 | D:5      | Reached * piety under Sif Muna
  3767 | D:5      | Found a glowing silver altar of Zin.
  3794 | D:5      | Found an opulent altar of Gozag.
  4022 | D:5      | Reached skill level 7 in Spellcasting
  4042 | D:5      | Reached skill level 8 in Spellcasting
  4042 | D:5      | Reached XP level 8. HP: 14/42 MP: 20/22
  4159 | D:5      | Got The Histories of Mysteries, Part One
  4162 | D:5      | Learned a level 1 spell: Summon Small Mammal
  4263 | D:5      | Reached skill level 1 in Invocations
  4498 | D:5      | Found a runed translucent door.
  4499 | D:5      | Noticed Crazy Yiuf
  4507 | D:5      | Killed Crazy Yiuf
  4595 | D:5      | Found an iron altar of Okawaru.
  4720 | D:6      | Reached ** piety under Sif Muna
  4872 | D:6      | Reached skill level 9 in Spellcasting
  4873 | D:6      | Reached skill level 1 in Summonings
  4966 | D:6      | Learned a level 3 spell: Call Canine Familiar
  5040 | D:6      | Found a shimmering altar of Xom.
  5040 | D:6      | Found a burning altar of Makhleb.
  5237 | D:6      | Found Jodanil's Book Boutique.
  5725 | D:7      | Found a sacrificial altar of Ru.
  5726 | D:7      | Noticed Menkaure
  5726 | D:7      | Noticed Dowan
  5849 | D:7      | Found a flagged portal.
  5859 | Bailey   | Entered a bailey
  6213 | Bailey   | Reached skill level 10 in Spellcasting
  6232 | Bailey   | Reached XP level 9. HP: 37/46 MP: 4/25
  6736 | D:7      | Killed Menkaure
  6737 | D:7      | Reached skill level 1 in Fighting
  6737 | D:7      | Reached skill level 1 in Hexes
  7137 | D:7      | Reached skill level 5 in Conjurations
  7176 | D:7      | Noticed Duvessa
  7184 | D:7      | Killed Duvessa
  7184 | D:7      | Killed Dowan
  7185 | D:7      | Reached skill level 11 in Spellcasting
  7599 | D:8      | Reached *** piety under Sif Muna
  7774 | D:8      | Found a transporter.
  7774 | D:8      | Found a transporter.
  7778 | D:8      | Found a transporter.
  7778 | D:8      | Found a transporter.
  7798 | D:8      | Identified the +4 rapier of Generosity {spect, rF+ rN++
                  | Int+3 Stlth-}
  7839 | D:8      | Found a hazy altar of Hepliaklqana.
  7938 | D:8      | Reached skill level 12 in Spellcasting
  7945 | D:8      | Noticed a komodo dragon
  7946 | D:8      | Found a staircase to the Lair.
  7961 | D:8      | Killed a komodo dragon
  8305 | D:8      | Found a shadowy altar of Dithmenos.
  8415 | D:8      | Found an ornate altar of the Wu Jian Council.
  8667 | D:9      | Reached XP level 10. HP: 52/52 MP: 8/28
  8790 | D:9      | Found a radiant altar of Vehumet.
  8809 | D:9      | Reached skill level 13 in Spellcasting
  8958 | D:9      | Reached skill level 5 in Invocations
  9121 | D:9      | Reached **** piety under Sif Muna
  9167 | D:9      | Noticed Joseph
  9370 | D:9      | Killed Joseph
  9492 | D:9      | Found a staircase to the Orcish Mines.
  9713 | D:9      | Noticed Prince Ribbit
  9726 | D:9      | Killed Prince Ribbit
  9983 | D:10     | Entered Level 10 of the Dungeon
  9997 | D:10     | Noticed a two-headed ogre
 10010 | D:10     | Killed a two-headed ogre
 10011 | D:10     | Reached skill level 14 in Spellcasting
 10017 | D:10     | Noticed a two-headed ogre
 10034 | D:10     | Killed a two-headed ogre
 10259 | D:10     | Reached XP level 11. HP: 49/56 MP: 18/31
 10261 | D:10     | Noticed a two-headed ogre
 10270 | D:10     | Killed a two-headed ogre
 10655 | D:10     | Found a blossoming altar of Fedhas.
 10667 | D:10     | Found a broken altar of Ashenzari.
 10741 | D:10     | Found a glowing golden altar of the Shining One.
 10892 | Orc:1    | Entered Level 1 of the Orcish Mines
 10966 | Orc:1    | Reached ***** piety under Sif Muna
 11190 | Orc:1    | Found Xuul's Jewellery Emporium.
 11259 | Orc:1    | Reached skill level 15 in Spellcasting
 11577 | Orc:2    | Entered Level 2 of the Orcish Mines
 11605 | Orc:2    | Noticed an orc high priest
 11871 | Orc:2    | Received a gift from Sif Muna
 11872 | Orc:2    | Got Geenako's Encyclopedia of the Volcano and Astrapomancy
                  | {god gift}
 12054 | Orc:2    | Noticed an orc knight
 12067 | Orc:2    | Killed an orc knight
 12250 | Orc:2    | Found Yduoloc's General Store.
 12257 | Orc:2    | Found Leemyng's Distillery.
 12495 | Orc:1    | Learned a level 3 spell: Mephitic Cloud
 12501 | Orc:1    | Learned a level 5 spell: Fireball
 12560 | Orc:2    | Noticed a deep troll
 12562 | Orc:2    | Noticed an orc knight
 12569 | Orc:2    | Noticed an orc warlord
 12767 | Orc:2    | Noticed an orc knight
 12784 | Orc:2    | Killed an orc knight
 12785 | Orc:2    | Reached skill level 1 in Armour
 12785 | Orc:2    | Reached skill level 1 in Shields
 12790 | Orc:2    | Noticed an orc sorcerer
 12826 | Orc:2    | Killed an orc sorcerer
 12827 | Orc:2    | Reached skill level 10 in Fire Magic
 13176 | Orc:1    | Learned a level 3 spell: Swiftness
 13200 | Orc:2    | Reached skill level 16 in Spellcasting
 13350 | Orc:2    | Bought 2 potions of lignification for 90 gold pieces
 13364 | Orc:2    | Noticed an orc high priest
 13370 | Orc:2    | Killed an orc high priest
 13600 | Orc:2    | Noticed an orc knight
 13602 | Orc:2    | Noticed an orc high priest
 13618 | Orc:2    | Killed an orc knight
 13619 | Orc:2    | Reached XP level 12. HP: 38/61 MP: 3/34
 13804 | Orc:2    | Noticed an orc high priest
 13809 | Orc:2    | Killed an orc high priest
 14212 | Orc:2    | Paralysed by an orc sorcerer for 5 turns
 14245 | Orc:2    | Killed an orc warlord
 14246 | Orc:2    | Reached skill level 17 in Spellcasting
 14375 | Orc:2    | Killed an orc high priest
 14641 | Orc:2    | Found Toiqeoch's Antique Weapon Boutique.
 14655 | Orc:2    | Found a staircase to the Elven Halls.
 14734 | Orc:2    | Noticed an orc high priest
 14737 | Orc:2    | Killed an orc high priest
 14738 | Orc:2    | Noticed an orc high priest
 14742 | Orc:2    | Killed an orc high priest
 14742 | Orc:2    | Killed an orc high priest
 14843 | Orc:2    | Noticed an orc high priest
 14849 | Orc:2    | Killed an orc high priest
 14854 | Orc:2    | Noticed an orc high priest
 14867 | Orc:2    | Killed an orc high priest
 15022 | Orc:2    | Noticed an orc high priest
 15025 | Orc:2    | Killed an orc high priest
 15030 | Orc:2    | Noticed a demonspawn
 15033 | Orc:2    | Reached skill level 18 in Spellcasting
 15071 | Orc:2    | Killed a demonspawn
 15241 | Orc:2    | Noticed a demonspawn
 15247 | Orc:2    | Killed a demonspawn
 15248 | Orc:2    | Reached XP level 13. HP: 54/65 MP: 19/37
 15327 | Orc:2    | Found Ilojeog's Jewellery Shoppe.
 15327 | Orc:2    | Found Icynlah's Antique Armour Emporium.
 15330 | Orc:2    | Found a one-way gate leading to the halls of Pandemonium.
 15334 | Orc:2    | Bought a pair of faintly humming boots for 266 gold pieces
 15334 | Orc:2    | Identified the +3 pair of boots "Kootsask" {Fly rElec rN++
                  | Stlth-} (You bought it in a shop on level 2 of the Orcish
                  | Mines)
 15973 | Lair:1   | Entered Level 1 of the Lair of Beasts
 16540 | Lair:1   | Found a runed translucent door.
 16544 | Lair:1   | Noticed Kiciri's ghost (journeyman DjAE)
 16903 | Lair:1   | Killed Kiciri's ghost
 17171 | Orc:1    | Bought the brooch of Shielding {Spirit SH+8} for 845 gold
                  | pieces
 17171 | Orc:1    | Found the brooch of Shielding {Spirit SH+8}
 17309 | Lair:2   | Reached skill level 10 in Conjurations
 17549 | Lair:2   | Noticed Sonja
 17558 | Lair:2   | Killed Sonja
 17624 | Lair:2   | Received a gift from Sif Muna
 17625 | Lair:2   | Got Sif Muna's Elucidation of Greatest Risks and Utility
                  | {god gift}
 17632 | Lair:2   | Reached skill level 5 in Stealth
 18154 | Lair:2   | Identified the +0 glaive "Dooggenio" {pain, Str+3}
 18210 | Lair:2   | Learned a level 3 spell: Hailstorm
 18215 | Lair:2   | Learned a level 4 spell: Summon Ice Beast
 18570 | Lair:3   | Noticed Gastronok
 18648 | Lair:3   | Killed Gastronok
 18658 | Lair:3   | Reached skill level 1 in Air Magic
 18981 | Lair:3   | Found a hole to the Spider Nest.
 18999 | Lair:3   | Reached skill level 1 in Poison Magic
 19037 | Lair:3   | Noticed Urug
 19051 | Lair:3   | Killed Urug
 19052 | Lair:3   | Reached skill level 5 in Armour
 19065 | Lair:3   | Reached skill level 19 in Spellcasting
 19224 | Lair:3   | Found a staircase to the Swamp.
 19742 | Lair:4   | Noticed Nessos
 19784 | Lair:4   | Reached XP level 14. HP: 59/70 MP: 1/39
 20109 | Lair:4   | HP: 4/105 [demonic crawler (3)]
 20117 | Lair:4   | Gained mutation: You are vulnerable to heat. (rF-) [potion
                  | of mutation]
 20117 | Lair:4   | Gained mutation: You have a pair of small horns on your
                  | head. [potion of mutation]
 20117 | Lair:4   | Gained mutation: Your mind is acute. (Int +4, Str/Dex -1)
                  | [potion of mutation]
 20118 | Lair:4   | Reached skill level 5 in Fighting
 20118 | Lair:4   | Reached XP level 15. HP: 44/82 MP: 5/40
 20146 | Lair:5   | Entered Level 5 of the Lair of Beasts
 20313 | Lair:5   | Learned a level 3 spell: Ozocubu's Armour
 20361 | Lair:5   | Reached skill level 1 in Ice Magic
 20788 | Lair:4   | Reached skill level 1 in Long Blades
 20807 | Lair:4   | Reached skill level 5 in Shields
 21000 | Lair:5   | Received a gift from Sif Muna
 21001 | Lair:5   | Got Sif Muna's Quarto of White Wicked Secrets {god gift}
 21166 | Lair:5   | Reached skill level 5 in Summonings
 21428 | Lair:5   | Found a burning altar of Makhleb.
 21434 | Lair:5   | Found a gateway to Hell.
 22339 | Lair:4   | Found a viscous altar of Jiyva.
 22339 | Lair:4   | Found a staircase to the Slime Pits.
 22365 | Lair:4   | Learned a level 4 spell: Iskenderun's Mystic Blast
 22467 | Lair:4   | Killed Nessos
 23273 | Elf:1    | Entered Level 1 of the Elven Halls
 24167 | Elf:1    | Reached skill level 10 in Invocations
 24191 | Elf:1    | Got the Spellbook of the Forgotten Youths
 24980 | Elf:1    | Reached XP level 16. HP: 48/88 MP: 7/41
 25243 | Elf:1    | Identified a scroll of acquirement
 25243 | Elf:1    | Acquired 761 gold pieces
 25269 | Elf:1    | Found Qimiarhauri's Antique Armour Shop.
 25786 | Elf:2    | Reached skill level 1 in Translocations
 25800 | Elf:2    | Found a runed translucent gate.
 25801 | Elf:2    | Found a runed translucent gate.
 25801 | Elf:2    | Found a runed translucent gate.
 25808 | Elf:2    | Noticed a deep elf blademaster
 25823 | Elf:2    | Killed a deep elf blademaster
 26072 | Elf:2    | Reached skill level 20 in Spellcasting
 26853 | Elf:2    | Reached skill level 5 in Dodging
 26853 | Elf:2    | Reached skill level 5 in Ice Magic
 27375 | Elf:2    | HP: 1/88 [+3 dire flail of venom (12)]
 27625 | Elf:3    | Entered Level 3 of the Elven Halls
 28172 | Elf:2    | Found a runed translucent gate.
 28172 | Elf:2    | Found a runed translucent gate.
 28172 | Elf:2    | Found a runed translucent gate.
 28174 | Elf:2    | Noticed fedoskokos's ghost (adept TrSh)
 28174 | Elf:2    | Noticed lis82's ghost (adept DgAE)
 28175 | Elf:2    | Noticed Tok Vil's ghost (adept MiHu)
 28175 | Elf:2    | Noticed Moohokka's ghost (adept DgAE)
 28548 | Elf:2    | Found Xub Imy's Magic Scroll Shoppe.
 28606 | Elf:2    | Bought a scroll of blinking for 97 gold pieces
 28606 | Elf:2    | Bought a scroll of immolation for 52 gold pieces
 29049 | Elf:2    | Killed Moohokka's ghost
 29049 | Elf:2    | Killed lis82's ghost
 29290 | Elf:2    | Killed fedoskokos's ghost
 29334 | Elf:2    | Killed Tok Vil's ghost
 29335 | Elf:2    | Reached skill level 21 in Spellcasting
 29797 | Elf:3    | Reached XP level 17. HP: 92/92 MP: 38/44
 29824 | Elf:3    | Paralysed by an air elemental for 1 turns
 30077 | Elf:3    | Found Liash's General Store.
 30378 | Elf:3    | Noticed a deep elf master archer
 30380 | Abyss:2  | Cast into level 2 of the Abyss (a deep elf sorcerer)
 30392 | Abyss:2  | Found a corrupted altar of Lugonu.
 30466 | Abyss:2  | Found a corrupted altar of Lugonu.
 30508 | Abyss:2  | Found a corrupted altar of Lugonu.
 30508 | Abyss:2  | Found a corrupted altar of Lugonu.
 30508 | Abyss:2  | Found a corrupted altar of Lugonu.
 30546 | Abyss:2  | Noticed a bone dragon
 30625 | Abyss:3  | Found a corrupted altar of Lugonu.
 30667 | Abyss:4  | Found a corrupted altar of Lugonu.
 30667 | Abyss:4  | Found a corrupted altar of Lugonu.
 30667 | Abyss:4  | Found a corrupted altar of Lugonu.
 30825 | Abyss:4  | Noticed a bone dragon
 30826 | Abyss:4  | Found a corrupted altar of Lugonu.
 31045 | Elf:3    | Escaped the Abyss
 31061 | Elf:3    | Killed from afar by a deep elf sorcerer

Illustrated notes

Levels and vault maps discovered:
D:1:      psy_arrival_basics, layout_loops_cross, serial_forest,
          infiniplex_forest_end_double, infiniplex_forest_straight_1,
          infiniplex_forest_lined_4_way, infiniplex_forest_diagonal,
          infiniplex_forest_straight_2, shapermc_ecumenical_altar_gd
D:2:      layout_rooms, serial_shops, shop
D:3:      layout_loops_ring, mainiacjoe_overflow_catwalk, corexii_corridor_pit
D:4:      minmay_general_purpose_star, layout_basic, lemuel_doored_altar,
          minmay_temple_entry_grid, dilly_guarded_unrand_throatcut
D:5:      layout_cave_pools, pdpol_temple_overflow_zin_treasury_gozag_greed,
          lemuel_round_altar, serial_park, serial_park_gazebo
          [serial_park_minivault_5x5_2], serial_park_square1
          [serial_park_minivault_5x5_6], serial_park_tiny_1,
          small_statue_intersection, minmay_joined_circles,
          uniq_crazy_yiuf_cottage
D:6:      layout_basic, grunt_temple_overflow_champion_of_chaos, serial_shops,
          nicolae_lakefront_shop
D:7:      layout_cave_pools, mainiacjoe_overflow_boulevard, enter_bailey_3,
          uniq_duvessa, uniq_menkaure
D:8:      layout_basic, lemuel_round_altar, lemuel_tele_altar,
          grunt_dithmenos_smoke_and_mirrors, david_lair_shrubbed,
          hellmonk_bongcloud_opening, chequers_serial_rivers_room_a,
          nicolae_diode_quadrants
D:9:      layout_loops_ring, nicolae_vehumet_radiance, erik_orc_2,
          uniq_prince_ribbit1, uniq_joseph
D:10:     layout_rooms, mainiacjoe_overflow_alcove_4, mainiacjoe_overflow_swirl
Temple:   nicolae_temple_superstar
Lair:1:   layout_chaotic_city, ebering_ghost_inner_flame,
          nicolae_quartered_pool_little, minivault_19, grunt_megastairs_3,
          infiniplex_staircase_pool_2
Lair:2:   layout_regular_city, uniq_sonja
Lair:3:   layout_misc_corridors, minmay_swamp_entry_worms, dummy_spider_entry,
          uniq_gastronok, uniq_urug
Lair:4:   layout_regular_city, slime_entry_1, worms_lemuel, uniq_nessos
Lair:5:   evil_forest, layout_hall_layers
Orc:1:    layout_diamond_mine, serial_shops, nicolae_shop_waterfront
Orc:2:    pf_orc_diabolical, layout_caves, statue_in_the_mist_lemuel,
          guppyfry_orc_lava_fort
Elf:1:    layout_onion_city, serial_shops, shop, minmay_elf_necromancy,
          grunt_ministairs_3, minivault_11, fountainhead
Elf:2:    nicolae_elf_blades_crystal_corner, layout_geoelf_grid,
          gammafunk_ghost_cemetery, serial_shops, shop
Elf:3:    minmay_elf_hall_statues, layout_geoelf_grid, serial_shops,
          nicolae_shop_tiny_real_fake_doors, uniq_bai_suzhen

Skill      XL: |  1  2  3  4  5  6  7  8  9 10 11 12 13 14 15 16 17 |
---------------+----------------------------------------------------+-----
Stealth        | 3 4 5 |  5.1
Fire Magic     | 4 5 6 7 8 9 10 11 12 13 | 13.8
Staves         | 1 |  1.4
Spellcasting   | 4 5 6 8 10 12 14 16 18 19 21 | 21.6
Conjurations   | 2 3 4 5 7 8 9 10 12 | 12.4
Invocations    | 3 4 6 7 8 10 11 12 | 12.3
Summonings     | 1 2 4 6 |  6.4
Fighting       | 1 5 |  5.6
Hexes          | 1 2 3 |  3.8
Dodging        | 3 4 5 |  5.6
Armour         | 1 3 5 6 |  6.1
Shields        | 2 3 4 5 6 |  6.3
Air Magic      | 2 4 |  4.7
Poison Magic   | 1 |  1.8
Ice Magic      | 4 5 |  5.0
Long Blades    | 1 |  1.3
Translocations | 3 |  3.6
Throwing       | |  0.7
Necromancy     | |  0.9
Evocations     | |  0.1

Action                     |  1- 3 |  4- 6 |  7- 9 | 10-12 | 13-15 | 16-18 || total
---------------------------+-------+-------+-------+-------+-------+-------++-------
  Melee: Staff             |    21 |    19 |    10 |    23 |    55 |     7 ||   135
         Long sword        |       |       |     8 |    14 |    28 |       ||    50
         Dagger            |       |       |     6 |     3 |       |       ||     9
         Punch             |       |       |     1 |       |       |       ||     1
         Rapier            |       |       |       |       |    12 |     9 ||    21
         Headbutt          |       |       |       |       |     8 |     4 ||    12
  Throw: Dart              |       |       |       |     8 |     7 |       ||    15
   Cast: Foxfire           |    50 |    76 |   145 |   292 |    83 |    39 ||   685
         Scorch            |       |     8 |    76 |    95 |    69 |    25 ||   273
         Inner Flame       |       |     1 |    13 |    42 |     9 |    10 ||    75
         Flame Wave        |       |       |    10 |    22 |    62 |    28 ||   122
         Call Canine Famil |       |       |     1 |     7 |     4 |     1 ||    13
         Summon Small Mamm |       |       |     1 |     1 |       |       ||     2
         Fireball          |       |       |       |    41 |   129 |   124 ||   294
         Mephitic Cloud    |       |       |       |    11 |    21 |     8 ||    40
         Swiftness         |       |       |       |     1 |     1 |     1 ||     3
         Iskenderun's Myst |       |       |       |       |    16 |    93 ||   109
         Hailstorm         |       |       |       |       |     6 |     9 ||    15
         Summon Ice Beast  |       |       |       |       |     5 |     4 ||     9
         Ozocubu's Armour  |       |       |       |       |     1 |     4 ||     5
         Death's Door      |       |       |       |       |       |     1 ||     1
         Borgnjor's Revivi |       |       |       |       |       |     1 ||     1
 Invoke: Channel Magic     |       |       |       |     4 |    14 |    18 ||    36
         Divine Exegesis   |       |       |       |       |       |     2 ||     2
  Evoke: Wand              |       |       |     1 |     2 |     2 |     1 ||     6
    Use: Scroll            |       |       |    15 |     4 |     7 |    11 ||    37
         Potion            |       |       |     3 |     3 |    16 |     6 ||    28
   Stab: Sleeping          |     1 |       |     1 |       |     1 |       ||     3
         Confused          |       |       |       |       |     1 |       ||     1
 Armour: Robe              |     3 |     3 |     4 |    25 |    98 |    51 ||   184
         Skin              |       |       |       |     2 |    58 |       ||    60
  Dodge: Dodged            |    13 |    15 |    49 |    63 |   101 |    43 ||   284
  Block: Kite shield       |       |       |       |       |   211 |   109 ||   320
         Other             |       |       |       |       |     9 |       ||     9

Table legend: (Time is in decaauts)
 A = Elapsed time spent in this place.
 B = Non-inter-level travel time spent in this place.
 C = Inter-level travel time spent in this place.
 D = Time resting spent in this place.
 E = Time spent auto-exploring this place.
 F = Levels seen in this place.
 G = Mean time per level.
                   A        B        C        D        E       F      G
               +--------+--------+--------+--------+--------+-----+--------+
         Total |  31079 |  30167 |    912 |   6448 |  15076 |  25 | 1243.2 |
       Dungeon |  10304 |   9696 |    608 |   1174 |   5638 |  10 | 1030.4 |
        Temple |     58 |     58 |      0 |      0 |      0 |   1 |   58.0 |
          Lair |   6983 |   6800 |    183 |    914 |   4043 |   5 | 1396.6 |
  Orcish Mines |   5095 |   5009 |     86 |   1402 |   1717 |   2 | 2547.5 |
   Elven Halls |   7143 |   7109 |     34 |   2343 |   3480 |   3 | 2381.0 |
         Abyss |    649 |    649 |      0 |    182 |     74 |   3 |  216.3 |
        Bailey |    843 |    843 |      0 |    433 |    124 |   1 |  843.0 |
               +--------+--------+--------+--------+--------+-----+--------+

Top non-repeatable levels by time:
   Elf:1: 3180 daAuts
   Orc:2: 3068 daAuts
   Elf:2: 2702 daAuts
   Orc:1: 2026 daAuts
  Lair:5: 1953 daAuts
  Lair:2: 1491 daAuts
     D:9: 1403 daAuts
  Lair:4: 1383 daAuts
     D:8: 1365 daAuts
     D:5: 1322 daAuts
   Elf:3: 1261 daAuts
     D:4: 1188 daAuts
  Lair:1: 1167 daAuts
     D:6: 1118 daAuts
  Lair:3: 987 daAuts
